 Dungeon Crawl Stone Soup version 0.30-a0-354-g6b83867211 (webtiles) character file.

Game seed: 5586156252660988818

55 Low2 the Trooper (level 3, 0/40 HPs)
             Began as an Ogre Cinder Acolyte on Nov 8, 2022.
             Was a High Priest of Ignis.
             Slain by a goblin
             ... wielding a +0 club
             ... led by Robin
              (4 damage)
             ... on level 3 of the Dungeon.
             The game lasted 00:04:55 (1068 turns).

Low2 the Trooper (Ogre Cinder Acolyte)              Turns: 1068, Time: 00:04:55

Health: 0/40       AC: 11    Str: 20    XL:     3   Next: 93%
Magic:  4/4        EV:  9    Int: 15    God:    Ignis [*****.]
Gold:   51         SH:  0    Dex:  4    Spells: 4/4 levels left

rFire   + . .      SeeInvis .    e - +4 hand axe
rCold   . . .      Faith    .    (no shield)
rNeg    . . .      Spirit   .    b - +1 robe
rPois   .          Reflect  .    (helmet restricted)
rElec   .          Harm     .    (no cloak)
rCorr   .          Rampage  .    (gloves unavailable)
Will    .....                    (boots unavailable)
Stlth   +.........               (no amulet)
HPRegen 0.26/turn                (no ring)
MPRegen 0.09/turn                (no ring)

@: about to teleport, weak-willed, fiery-armoured
A: large, unfitting armour, tough skin 1
a: Renounce Religion, Fiery Armour, Foxfire Swarm, Rising Flame


You were on level 3 of the Dungeon.
You worshipped Ignis.
Ignis was extremely pleased with you.
You visited 1 branch of the dungeon, and saw 4 of its levels.

You collected 51 gold pieces.

Inventory:

Hand Weapons
 a - a -1 spear of flaming
 e - a +4 hand axe (weapon)
Missiles
 c - 5 stones (quivered)
Armour
 b - a +1 robe (worn)
Scrolls
 h - a scroll of summoning {unknown}
 i - a scroll of identify {unknown}


   Skills:
 + Level 4.6 Fighting
 + Level 0.4(2.5) Axes
 + Level 4.0(4.1) Polearms
 + Level 0.4 Dodging
 + Level 1.2 Spellcasting
 + Level 2.8 Fire Magic


You had 4 spell levels left.
You didn't know any spells.
Your spell library contained the following spells:

 Spells                   Type           Power      Damage    Failure   Level
 Scorch                   Fire           18%        2d6       12%         2


Dungeon Overview and Level Annotations

Branches:
Dungeon (4/15)
 Temple: D:4-7

Altars:
Kikubaaqudgha

Annotations:
D:3 Ijyb, Robin


Innate Abilities, Weirdness & Mutations

You are too large for most types of armour.
You have tough skin. (AC +1)


Message History

Robin throws the goblin at you! The goblin hits you with a +0 dagger.
The goblin hits you with a +0 club. The goblin attacks as you move away!
The goblin hits you but does no damage. The goblin barely misses you.
You closely miss the hobgoblin. You closely miss the goblin.
You hit the goblin.
You kill the goblin!
You hit the goblin.
Robin roars a battlecry!
The goblins go into a battle-frenzy!
The goblin hits you with a +0 club. The hobgoblin hits you.
You aren't carrying any potions.
As you read the scroll of teleportation, it crumbles to dust.
You feel strangely unstable.
Robin points. "Kill!"
The goblin hits you with a +0 dagger. The goblin hits you with a +0 club.
Ijyb the Twisted Goblin comes into view.
She is wielding a +0 dagger and carrying a wand of iceblast (13).
The hobgoblin closely misses you. The goblin hits you but does no damage.
The goblin hits you with a +0 club.
As you read the scroll labelled CUNUANG ESUKHEM, it crumbles to dust.
It is a scroll of enchant armour.
Your +0 robe glows green for a moment.
The goblin barely misses you. The goblin hits you with a +0 club.
The hobgoblin hits you.
* * * LOW HITPOINT WARNING * * *
The goblin hits you but does no damage. The goblin hits you with a +0 club.
* * * LOW HITPOINT WARNING * * *
A protective cloak of flame settles atop you.
The goblin barely misses you. The goblin completely misses you.
The hobgoblin hits you but does no damage.
The hobgoblin is burned by your cloak of flames.
The hobgoblin is severely wounded.
The goblin hits you with a +0 dagger.
* * * LOW HITPOINT WARNING * * *
The goblin is burned by your cloak of flames.
You kill the goblin!
The goblin barely misses you.
As you read the scroll labelled KUANUM TAMOTT, it crumbles to dust.
Magic quickly surges around you.
It was a scroll of vulnerability.
The goblin misses you. The goblin hits you with a +0 club.
You die...

......#......##.......#
#...##.#
......#......##.......#
#.####.#
......†......##.......####.#
#..
#....>..########'######....#
#.. #.......# #.###.##.####
#.#
#.......########.....##.#
###..
#)......#......g.###....#
###.... #####+###.....ggg#
#.#.## #<..... .....gg@#
#...# ######. .....ggg#
#.### #. ..g....g# ## #.
........' #. ........# #.
........# #. ######### #.


You could see Ijyb (strong, weak-willed), Robin (weak-willed), 2 hobgoblins and
7 goblins.

Vanquished Creatures
  Natasha (D:2)
  An adder (D:2)
  A dart slug (D:2)
  4 endoplasms (D:1)
  2 goblins (D:3)
  3 hobgoblins
  4 ball pythons
  A bat (D:1)
  A frilled lizard (D:2)
18 creatures vanquished.

Vanquished Creatures (others)
  2 foxfires (D:2)
2 creatures vanquished.

Grand Total: 20 creatures vanquished

Notes
Turn   | Place    | Note
-------+----------+-------------------------------------------
     0 | D:1      | Low2 the Ogre Cinder Acolyte began the quest for the Orb.
     0 | D:1      | Reached XP level 1. HP: 24/24 MP: 2/2
   383 | D:1      | Reached XP level 2. HP: 28/32 MP: 3/3
   581 | D:2      | Noticed Natasha
   586 | D:2      | Noticed a crimson imp
   590 | D:2      | Noticed a crimson imp
   593 | D:2      | Killed Natasha
   594 | D:2      | Reached XP level 3. HP: 19/40 MP: 4/4
   789 | D:3      | You fall into a shaft and drop 1 floor!
   809 | D:4      | Found an ancient bone altar of Kikubaaqudgha.
  1059 | D:3      | Noticed Robin
  1065 | D:3      | Noticed Ijyb
  1068 | D:3      | Slain by a goblin

Illustrated notes

Levels and vault maps discovered:
D:1:      saegor_arrival_miasma, layout_basic
D:2:      layout_rooms, minmay_heptomino_d4, uniq_natasha
D:3:      layout_basic, ebering_ecumenical_altar_abandoned, uniq_robin,
          uniq_ijyb
D:4:      minmay_diamond_boxcup, layout_cave_pods, lemuel_tele_altar,
          chequers_serial_rivers_micro_b

Skill      XL: |  1  2  3 |
---------------+----------+-----
Polearms       | 4 |  4.0
Fighting       | |  4.6
Axes           | |  0.4
Dodging        | |  0.4
Spellcasting   | |  1.2
Fire Magic     | |  2.8

Action                   || total
-------------------------++-------
Melee: Spear             ||    17
       Hand axe          ||    28
Throw: Stone             ||    14
Invok: Foxfire Swarm     ||     1
       Fiery Armour      ||     1
  Use: Scroll            ||     4
Armor: Robe              ||    17
Dodge: Dodged            ||    36

Table legend: (Time is in decaauts)
 A = Elapsed time spent in this place.
 B = Non-inter-level travel time spent in this place.
 C = Inter-level travel time spent in this place.
 D = Time resting spent in this place.
 E = Time spent auto-exploring this place.
 F = Levels seen in this place.
 G = Mean time per level.
                   A        B        C        D        E       F      G
               +--------+--------+--------+--------+--------+-----+--------+
         Total |   1072 |   1072 |      0 |     94 |      0 |   4 |  268.0 |
       Dungeon |   1072 |   1072 |      0 |     94 |      0 |   4 |  268.0 |
               +--------+--------+--------+--------+--------+-----+--------+

Top non-repeatable levels by time:
     D:1: 509 daAuts
     D:3: 303 daAuts
     D:2: 211 daAuts
     D:4: 48 daAuts
